 Dungeon Crawl Stone Soup version 0.27-a0-1099-g7f87ac42b0 (webtiles) character file.

Game seed: 8034505764629188315

21142 Froggeryz the Arsonist (level 12, -1/86 HPs)
             Began as a Demonspawn Fire Elementalist on Apr 28, 2021.
             Was an Initiate of Gozag.
             Slain by a sun demon (14 damage)
             ... summoned by an obsidian statue
             ... in a Gauntlet.
             The game lasted 00:38:26 (18808 turns).

Froggeryz the Arsonist (DsFE)                      Turns: 18808, Time: 00:38:26

Health: -1/86      AC: -11   Str: 12      XL:     12   Next: 51%
Magic:  19/23      EV: 17    Int: 23 (25) God:    Gozag
Gold:   2276       SH:  7    Dex: 17 (18) Spells: 16/26 levels left

rFire    . . .     SeeInvis +   B - +1 long sword (flame)
rCold    . . .     Faith    .   j - +1 buckler
rNeg     . . .     Spirit   .   J - +2 robe {Will+}
rPois    +         Reflect  .   (no helmet)
rElec    .         Harm     .   w - +2 cloak {rPois}
rCorr    .         Rampage  .   s - +2 pair of gloves of Focus {Dex+3 Slay+5}
Will     +....     NoTele   +   (boots unavailable)
Stlth    ++........             (no amulet)
HPRegen  0.24/turn              i - ring "Omaezur" {+Blink Str+2 Slay+4 SInv}
MPRegen  0.18/turn              t - +6 ring of intelligence

@: agile, lethally poisoned (-1 -> -15), weakened, corroded, mesmerised, very
slightly contaminated
A: hooves 3, thin metallic scales 2, powered by pain 1, demonic magic 1
a: Renounce Religion, Evoke Blink, Potion Petition, Call Merchant, Bribe Branch


You were in a Gauntlet.
You worshipped Gozag.
Gozag was most pleased with you.
You visited 3 branches of the dungeon, and saw 14 of its levels.
You also visited: Gauntlet.

You collected 2450 gold pieces.
You spent 93 gold pieces at shops.
You paid 81 gold pieces to Gozag.

Inventory:

Hand Weapons
 e - a +1 dagger of venom
 B - a +1 long sword of flaming (weapon)
Missiles
 u - 6 curare-tipped darts
 D - 2 atropa-tipped darts
 H - a throwing net
Armour
 a - a +0 cloak of preservation
 j - a +1 buckler (worn)
 s - the +2 pair of gloves of Focus (worn) {Dex+3 Slay+5}
   (You found it in a Gauntlet)

   It affects your dexterity (+3).
   It affects your accuracy and damage with ranged weapons and melee attacks
   (+5).
 w - a +2 cloak of poison resistance (worn)
 J - a +2 robe of willpower (worn)
Magical Staves
 o - a staff of air
Jewellery
 g - a ring of protection from cold
 i - the ring "Omaezur" (left hand) {+Blink Str+2 Slay+4 SInv}
   (You acquired it in a Gauntlet)

   [ring of slaying]

   It affects your strength (+2).
   It affects your accuracy and damage with ranged weapons and melee attacks
   (+4).
   It lets you see invisible.
   It lets you blink.
 p - the ring of Circularity {Will+ AC+4}
   (You found it in a Gauntlet)

   [ring of protection]

   It affects your AC (+4).
   It increases your willpower.
 t - a +6 ring of intelligence (right hand)
 Q - an amulet of guardian spirit
 R - a ring of protection from fire
Wands
 b - a wand of iceblast (30)
 k - a wand of charming (10)
 q - a wand of mindburst (39)
 C - a wand of polymorph (18)
 I - a wand of flame (17)
 K - a wand of paralysis (9)
Scrolls
 l - 3 scrolls of enchant weapon
 n - 4 scrolls of teleportation
 v - 3 scrolls of amnesia
 x - a scroll of holy word
 E - 3 scrolls of immolation
 G - 4 scrolls of noise
 N - a scroll of enchant armour
 O - 2 scrolls of blinking
Potions
 c - a potion of ambrosia
 f - 6 potions of curing
 h - 2 potions of mutation
 m - a potion of brilliance
 r - a potion of might
 z - a potion of flight
 A - 3 potions of berserk rage


   Skills:
 - Level 5.0 Fighting
 + Level 6.1 Long Blades
 - Level 1.7 Dodging
 - Level 1.7 Stealth
 - Level 6.6 Shields
 - Level 7.5 Spellcasting
 + Level 3.2 Conjurations
 - Level 14.1 Fire Magic


You had 16 spell levels left.
You knew the following spells:

 Your Spells              Type           Power      Damage    Failure   Level
a - Foxfire               Conj/Fire      100%       2x1d9     1%          1
b - Sticky Flame          Conj/Fire      48%        2d7       1%          4
c - Fireball              Conj/Fire      24%        3d11      5%          5

Your spell library contained the following spells:

 Spells                   Type           Power      Damage    Failure   Level
 Conjure Flame            Conj/Fire      48%        6-21      1%          3
 Inner Flame              Hex/Fire       41%        N/A       1%          3
 Chain Lightning          Conj/Air       8%         N/A       100%        8
 Lehudib's Crystal Spear  Conj/Erth      8%         10d3      100%        8
 Absolute Zero            Ice            4%         ∞         100%        9
 Fire Storm               Conj/Fire      24%        8d6       100%        9


Dungeon Overview and Level Annotations

Branches:
Dungeon (11/15)            Temple (1/1) D:5            Lair (2/6) D:11
    Orc (0/2) D:11        Gauntlet (1/1)
  Swamp: Lair:2-4    Shoals: Lair:2-4     Snake: Lair:2-4    Spider: Lair:2-4

Altars:
Ashenzari
Cheibriados
Dithmenos
Elyvilon
Fedhas
Gozag
Hepliaklqana
Kikubaaqudgha
Makhleb
Nemelex Xobeh
Okawaru
Qazlal
Ru
Sif Muna
Trog
Uskayaw
Vehumet
Wu Jian
Xom
Yredelemnul
Zin
The Shining One

Shops:
D:5 [   D:9 ?   D:11 !

Annotations:
D:4 3 runed translucent doors, celly00's ghost, amateur SpEn
D:10 2 transporters, namnaref's ghost, journeyman GrEE
Lair:1 exclusion: 4 oklob plants Gauntlet 11 transporters, 21 runed translucent doors, exclusion: obsidian statue


Innate Abilities, Weirdness & Mutations

You have hooves in place of feet.
You are mostly covered in thin metallic scales. (AC +3)
You sometimes gain a little power by taking damage.
Spells you cast may paralyse adjacent enemies.


Message History

You feel extremely sick. The sun demon hits you!
You are engulfed in flames!
You focus on the pain.
You feel agile all of a sudden. The orange demon barely misses you.
You riposte.
You hit the orange demon but do no damage.
You kick the orange demon, but do no damage.
The orange demon misses you. The white imp closely misses you.
You block the sun demon's attack. The white imp misses you.
You riposte.
You hit the white imp but do no damage.
You kick the white imp, but do no damage.
You feel much better.
You feel very sick. The sun demon hits you!
You are engulfed in flames!
The orange demon stings you.
* * * LOW HITPOINT WARNING * * *
The orange demon hits you.
* * * LOW HITPOINT WARNING * * *
You feel as though you will be weak longer.
You block the white imp's attack. The white imp closely misses you.
You riposte.
You closely miss the white imp.
Unknown command.
Casting: Foxfire (safe; 1% risk of failure)
Confirm with . or Enter, or press ? or * to list all spells.
There is not enough space to conjure foxfire!
Unknown command.
Unknown command.
Casting: Foxfire (safe; 1% risk of failure)
Confirm with . or Enter, or press ? or * to list all spells.
Aiming: Sticky Flame (dangerous; 1% risk of failure)
Press: ? - help, Shift-Dir - straight line, f - orange demon
Aim: an orange demon (summoned, 100% to hit)
You miscast Sticky Flame.
You are very lightly contaminated with residual magic.
Nothing appears to happen.
You feel very sick. The sun demon hits you!
* * * LOW HITPOINT WARNING * * *
You are engulfed in flames!
You die...
Your body crumbles into a pile of gold.

#########.#############..###
.......Y#.#.#.........#..#
#.....#.#.#.#.##...##.#..#
.##.##.Y#.#.#.#.###.#.#..#####
Y##.##..#.#.#..##.##..#..#≈8≈#
p#.©.#.©#©#.#....©....#..#...#
Y##.##.$###.#..##.##..####.8.#
.##.##.[#...#.#4###.#.#©.....##.
#.....#.#...#.##@85##.####.8....
........#...#..5534$..#..#...#
#########...###########..#.8.#
..........≈.............≈#...#
.........≈8≈............∩#.8....
..........≈.............≈#...##.
#########...###########..#.8.#
4.#.....#...#..YYY|...#..#...#
.#..##..#...#Y........####.8...


You could see a dire elephant, an obsidian statue (mesmerising), 2 elephants, a
sun demon (summoned), an orange demon (summoned), a hellwing (summoned), 2 white
imps and an ufetubus (summoned).

Vanquished Creatures
  2 hydras
  Harold (D:8)
  4 two-headed ogres
  Pikel (D:9)
  An ugly thing (D:10)
  Maurice (D:9)
  An ice statue (Gauntlet)
  2 black mambas (Lair:1)
  Maggie (D:6)
  5 cane toads
  An unseen horror (D:11)
  Psyche (D:8)
  A rime drake (Gauntlet)
  2 komodo dragons
  3 trolls
  8 blink frogs (Lair:1)
  A wraith (D:11)
  3 shadows
  2 vampires (D:11)
  13 yaks
  Eustachio (D:4)
  Grum (D:9)
  A basilisk (D:11)
  Menkaure (D:5)
  A two-headed ogre zombie (D:11)
  2 acid dragons (D:11)
  9 water moccasins
  2 orc warriors (D:8)
  2 necrophages
  2 sky beasts
  An ice beast (D:6)
  8 wolves
  A centaur (D:7)
  3 ogres
  2 phantoms
  3 kobold brigands
  7 bullfrogs
  A gnoll sergeant (D:8)
  4 scorpions
  A wyvern zombie (D:6)
  A wyvern skeleton (D:7)
  3 water moccasin zombies (D:6)
  5 killer bees (D:9)
  3 troll zombies (D:11)
  5 howler monkeys
  2 bullfrog zombies
  2 centaur zombies
  4 hounds
  Crazy Yiuf (D:3)
  An orc priest (D:11)
  Jessica (D:3)
  Natasha (thrice) (D:2)
  5 orc wizards
  A killer bee zombie (D:8)
  4 ogre zombies (D:11)
  2 howler monkey zombies
  Robin (D:4)
  8 adders
  9 gnolls
  A dart slug (D:5)
  37 orcs
  5 ball pythons
  8 bats
  10 endoplasms
  5 giant cockroaches
  15 goblins
  6 hobgoblins
  11 jackals
  20 kobolds
  2 quokkas
  4 frilled lizards
  A goblin skeleton (D:11)
  2 goblin zombies (D:11)
  3 hobgoblin skeletons (D:11)
  A hobgoblin zombie (D:11)
  2 orc skeletons (D:11)
  16 orc zombies (D:11)
  4 rats
321 creatures vanquished.

Vanquished Creatures (collateral kills)
  14 foxfires
14 creatures vanquished.

Vanquished Creatures (others)
  895 foxfires
  5 fungi
  17 plants
917 creatures vanquished.

Grand Total: 1252 creatures vanquished

Notes
Turn   | Place    | Note
-------+----------+-------------------------------------------
     0 | D:1      | Froggeryz the Demonspawn Fire Elementalist began the quest
                  | for the Orb.
     0 | D:1      | Reached XP level 1. HP: 13/13 MP: 3/3
    80 | D:1      | Reached skill level 3 in Fire Magic
   393 | D:1      | Gained mutation: Spells you cast may paralyse adjacent
                  | enemies. [demonic ancestry]
   393 | D:1      | Reached XP level 2. HP: 19/19 MP: 3/5
  1372 | D:2      | Gained mutation: You have large cloven feet. [demonic
                  | ancestry]
  1372 | D:2      | Reached XP level 3. HP: 24/24 MP: 1/6
  1466 | D:2      | Noticed Natasha
  1474 | D:2      | Killed Natasha
  1475 | D:2      | Reached skill level 4 in Fire Magic
  1480 | D:2      | Noticed Natasha
  1499 | D:2      | Killed Natasha
  1500 | D:2      | Gained mutation: You have hoof-like feet. [demonic
                  | ancestry]
  1500 | D:2      | Reached XP level 4. HP: 9/30 MP: 1/7
  2023 | D:2      | Noticed Natasha
  2031 | D:2      | Killed Natasha
  2032 | D:2      | Reached skill level 5 in Fire Magic
  2380 | D:3      | Noticed Jessica
  2385 | D:3      | Killed Jessica
  2386 | D:3      | Reached skill level 1 in Shields
  2386 | D:3      | Gained mutation: You sometimes gain a little power by
                  | taking damage. [demonic ancestry]
  2386 | D:3      | Reached XP level 5. HP: 33/35 MP: 8/8
  2697 | D:3      | Found a hazy altar of Hepliaklqana.
  2755 | D:3      | Found a faded altar of an unknown god.
  2916 | D:3      | Found a runed translucent door.
  2917 | D:3      | Noticed Crazy Yiuf
  2942 | D:3      | Killed Crazy Yiuf
  3239 | D:4      | Noticed Robin
  3424 | D:4      | Killed Robin
  3425 | D:4      | Gained mutation: You are partially covered in thin metallic
                  | scales. (AC +2) [demonic ancestry]
  3425 | D:4      | Reached XP level 6. HP: 30/41 MP: 5/9
  3715 | D:4      | Reached skill level 6 in Fire Magic
  3739 | D:4      | Found a runed translucent gate.
  3739 | D:4      | Found a runed translucent gate.
  3825 | D:4      | Found a runed translucent gate.
  3827 | D:4      | Noticed celly00's ghost (amateur SpEn)
  3928 | D:4      | Found a radiant altar of Vehumet.
  4023 | D:4      | Noticed Eustachio
  4041 | D:4      | Killed Eustachio
  4042 | D:4      | Reached XP level 7. HP: 22/46 MP: 3/10
  4657 | D:4      | Reached skill level 7 in Fire Magic
  4926 | D:5      | Entered Level 5 of the Dungeon
  4974 | D:5      | Found a staircase to the Ecumenical Temple.
  5015 | Temple   | Entered the Ecumenical Temple
  5020 | Temple   | Became a worshipper of Gozag Ym Sagoz the Greedy
  5212 | D:5      | Noticed Menkaure
  5224 | D:5      | Killed Menkaure
  5225 | D:5      | Reached XP level 8. HP: 40/52 MP: 6/11
  5328 | D:5      | Found a blossoming altar of Fedhas.
  5354 | D:5      | Found Ifeza's Antique Armour Shop.
  5371 | D:5      | Reached skill level 8 in Fire Magic
  5614 | D:5      | Found an ornate altar of the Wu Jian Council.
  6096 | D:6      | Reached skill level 5 in Shields
  6161 | D:6      | Reached skill level 9 in Fire Magic
  6361 | D:6      | Noticed Maggie
  6380 | D:6      | Killed Maggie
  6381 | D:6      | Reached XP level 9. HP: 22/57 MP: 9/12
  6756 | D:6      | Reached skill level 10 in Fire Magic
  6973 | D:6      | Learned a level 4 spell: Sticky Flame
  8703 | D:8      | Reached skill level 1 in Fighting
  8707 | D:8      | Noticed Psyche
  8708 | D:8      | Noticed Harold
  9337 | D:8      | Noticed a two-headed ogre
  9347 | D:8      | Killed a two-headed ogre
  9348 | D:8      | Reached skill level 11 in Fire Magic
  9348 | D:8      | Gained mutation: You are mostly covered in thin metallic
                  | scales. (AC +3) [demonic ancestry]
  9348 | D:8      | Reached XP level 10. HP: 68/68 MP: 3/14
  9423 | D:8      | Killed Psyche
  9823 | D:8      | Killed Harold
 10050 | D:9      | Found Alinoh's Magic Scroll Shop.
 10060 | D:9      | Bought a scroll of noise for 13 gold pieces
 10129 | D:9      | Found a hide-covered altar of Uskayaw.
 10129 | D:9      | Noticed Maurice
 10141 | D:9      | Killed Maurice
 10401 | D:9      | Noticed Pikel
 10413 | D:9      | Killed Pikel
 10414 | D:9      | Reached skill level 12 in Fire Magic
 10756 | D:9      | Noticed Grum
 10795 | D:9      | Killed Grum
 10796 | D:9      | Reached skill level 5 in Spellcasting
 11110 | D:9      | Reached skill level 5 in Fighting
 11219 | D:9      | Gained mutation: You have hooves in place of feet. [demonic
                  | ancestry]
 11219 | D:9      | Reached XP level 11. HP: 61/79 MP: 8/18
 11708 | D:10     | Entered Level 10 of the Dungeon
 11832 | D:10     | Noticed a cyan ugly thing
 11848 | D:10     | Killed a cyan ugly thing
 11849 | D:10     | Reached skill level 1 in Long Blades
 12073 | D:10     | Learned a level 5 spell: Fireball
 12091 | D:10     | Found a transporter.
 12096 | D:10     | Noticed namnaref's ghost (journeyman GrEE)
 12099 | D:10     | Noticed a stone giant
 12106 | D:10     | Noticed a two-headed ogre
 12118 | D:10     | Killed a two-headed ogre
 12251 | D:10     | Found a transporter.
 12401 | D:10     | Noticed a two-headed ogre
 12414 | D:10     | Killed a two-headed ogre
 13911 | D:11     | Reached skill level 13 in Fire Magic
 14475 | D:11     | Found a staircase to the Orcish Mines.
 14646 | D:11     | Found a staircase to the Lair.
 14690 | D:11     | Found a snail-covered altar of Cheibriados.
 14819 | D:11     | Found Doephan's Distillery.
 14870 | D:11     | Bought a potion of curing for 30 gold pieces
 14870 | D:11     | Bought a potion of heal wounds for 50 gold pieces
 14881 | D:11     | Noticed a two-headed ogre
 14890 | D:11     | Killed a two-headed ogre
 15136 | D:11     | Noticed a six-headed hydra
 15145 | D:11     | Killed a six-headed hydra
 15415 | Lair:1   | Entered Level 1 of the Lair of Beasts
 15882 | Lair:1   | Noticed an oklob plant
 15893 | Lair:1   | Noticed an oklob plant
 15894 | Lair:1   | Noticed an oklob plant
 16040 | Lair:1   | Reached XP level 12. HP: 57/86 MP: 13/22
 16680 | Lair:1   | Noticed a four-headed hydra
 16702 | Lair:1   | Killed a four-headed hydra
 16703 | Lair:1   | Reached skill level 5 in Long Blades
 16703 | Lair:1   | Reached skill level 14 in Fire Magic
 17823 | Lair:2   | Found a gate leading to a gauntlet.
 17833 | Gauntlet | Entered a Gauntlet
 17833 | Gauntlet | Found a transporter.
 17833 | Gauntlet | Found a transporter.
 17896 | Gauntlet | Found a transporter.
 17896 | Gauntlet | Found a transporter.
 17900 | Gauntlet | Noticed a death yak
 17901 | Gauntlet | Noticed a death yak
 17901 | Gauntlet | Noticed a green death
 17904 | Gauntlet | Noticed a death yak
 17904 | Gauntlet | Noticed a death yak
 17905 | Gauntlet | Found a transporter.
 17905 | Gauntlet | Noticed a death yak
 17905 | Gauntlet | Noticed a death yak
 17926 | Gauntlet | Found a transporter.
 17930 | Gauntlet | Found a large runed translucent door.
 17931 | Gauntlet | Noticed a dire elephant
 17932 | Gauntlet | Found a large runed translucent door.
 17933 | Gauntlet | Found a runed translucent gate.
 17934 | Gauntlet | Found a transporter.
 17934 | Gauntlet | Found a transporter.
 17939 | Gauntlet | Found a transporter.
 17945 | Gauntlet | Found a runed translucent gate.
 17945 | Gauntlet | Found a runed translucent gate.
 17947 | Gauntlet | Found a large runed translucent door.
 17948 | Gauntlet | Found a large runed translucent door.
 17960 | Gauntlet | Found a large runed translucent door.
 17960 | Gauntlet | Found a large runed translucent door.
 17961 | Gauntlet | Found a large runed translucent door.
 17961 | Gauntlet | Found a large runed translucent door.
 17968 | Gauntlet | Found a transporter.
 17971 | Gauntlet | Found a large runed translucent door.
 17971 | Gauntlet | Found a large runed translucent door.
 17971 | Gauntlet | Found a runed translucent door.
 17971 | Gauntlet | Found a runed translucent door.
 17972 | Gauntlet | Found a large runed translucent door.
 17973 | Gauntlet | Found a large runed translucent door.
 17975 | Gauntlet | Found a transporter.
 18020 | Gauntlet | Found a transporter.
 18030 | Gauntlet | Found a transporter.
 18044 | Gauntlet | Found a transporter.
 18060 | Gauntlet | Found a large runed translucent door.
 18060 | Gauntlet | Found a large runed translucent door.
 18061 | Gauntlet | Found a large runed translucent door.
 18062 | Gauntlet | Found a large runed translucent door.
 18148 | Gauntlet | Found a transporter.
 18162 | Gauntlet | Found a transporter.
 18269 | Gauntlet | Identified a scroll of acquirement
 18269 | Gauntlet | Acquired the ring "Omaezur" {+Blink Str+2 Slay+4 SInv}
 18727 | Gauntlet | Identified the ring of Circularity {Will+ AC+4}
 18764 | Gauntlet | Identified the +2 pair of gloves of Focus {Dex+3 Slay+5}
 18808 | Gauntlet | Slain by a sun demon

Illustrated notes

Levels and vault maps discovered:
D:1:      roderic_crop_circles_arrival_small, layout_loops_corners,
          fountainhead, kennysheep_decorative_pillar
D:2:      layout_rooms, uniq_natasha
D:3:      layout_rooms, nzn_hepliaklqana_mist_gate,
          chequers_ecumenical_altar_simple_redux, uniq_jessica,
          uniq_crazy_yiuf_cottage
D:4:      layout_loops_ring, lemuel_doored_altar, gammafunk_ghost_necromancy,
          uniq_robin, uniq_eustachio
D:5:      layout_loops_ring, lemuel_round_altar, general_overflow_altar,
          temple_pool_b, serial_shops, shop, uniq_menkaure
D:6:      layout_rooms, kennysheep_windowed_goal, uniq_maggie
D:7:      lemuel_ice_spiral_2, layout_basic
D:8:      layout_basic, uniq_psyche, uniq_harold
D:9:      layout_basic, grunt_temple_overflow_open, serial_shops,
          nicolae_shop_statue_plus, uniq_grum, uniq_maurice, uniq_pikel
D:10:     layout_stronghold, gammafunk_ghost_arena
D:11:     layout_long_grid, lair_entry_dummy, zombieorc2_lemuel, serial_shops,
          shop, cheibriados_altar_1
Temple:   minmay_freezing_vapour_temple
Lair:1:   layout_regular_city, beast_lair_carwin_7, minmay_lair_oklob_chamber,
          grunt_megastairs_1
Lair:2:   layout_big_grid, minmay_shoals_entry_lonely_mermaid,
          gauntlet_entry_generic, minmay_shattered_shrine, uniq_sonja
Gauntlet: gammafunk_gauntlet_branching [gammafunk_gauntlet_arena_chambers,
          nicolae_gauntlet_arena_quarters, nicolae_gauntlet_arena_t_cross,
          gammafunk_gauntlet_arena_teeth, nicolae_gauntlet_arena_blocks,
          gammafunk_gauntlet_arena_open,
          minmay_gauntlet_arena_make_your_own_arena,
          gammafunk_gauntlet_arena_corners, gauntlet_exit_hidden_loot]

Skill      XL: |  1  2  3  4  5  6  7  8  9 10 11 12 |
---------------+-------------------------------------+-----
Fire Magic     | 3 4 5 6 7 9 11 12 13 14 | 14.1
Shields        | 1 2 4 5 6 |  6.6
Fighting       | 2 5 |  5.0
Spellcasting   | 3 5 6 7 |  7.5
Long Blades    | 4 6 |  6.1
Conjurations   | 3 |  3.2
Dodging        | |  1.7
Stealth        | |  1.7

Action                   |  1- 3 |  4- 6 |  7- 9 | 10-12 || total
-------------------------+-------+-------+-------+-------++-------
Melee: Unarmed           |     6 |       |       |       ||     6
       Dagger            |    31 |   146 |   157 |       ||   334
       Hand axe          |       |       |    60 |       ||    60
       Long sword        |       |       |    32 |   220 ||   252
       Kick              |       |       |       |    52 ||    52
 Cast: Foxfire           |    34 |    47 |   180 |   273 ||   534
       Sticky Flame      |       |       |     1 |    89 ||    90
  Use: Scroll            |       |     7 |       |    12 ||    19
       Potion            |       |       |       |    12 ||    12
 Stab: Sleeping          |     1 |     3 |     2 |       ||     6
       Paralysed         |       |    18 |    50 |    93 ||   161
       Distracted        |       |     1 |       |     1 ||     2
Armor: Robe              |    14 |    40 |    56 |    76 ||   186
Dodge: Dodged            |    35 |    93 |   119 |   146 ||   393
Block: Buckler           |       |       |    62 |    87 ||   149
       Rpst.: Long sword |       |       |     7 |    43 ||    50

Table legend: (Time is in decaauts)
 A = Elapsed time spent in this place.
 B = Non-inter-level travel time spent in this place.
 C = Inter-level travel time spent in this place.
 D = Time resting spent in this place.
 E = Time spent auto-exploring this place.
 F = Levels seen in this place.
 G = Mean time per level.
                   A        B        C        D        E       F      G
               +--------+--------+--------+--------+--------+-----+--------+
         Total |  18891 |  18349 |    542 |   1681 |  13405 |  15 | 1259.4 |
       Dungeon |  15493 |  14965 |    528 |    769 |  11601 |  11 | 1408.5 |
        Temple |     12 |     12 |      0 |      0 |      0 |   1 |   12.0 |
          Lair |   2411 |   2397 |     14 |    505 |   1451 |   2 | 1205.5 |
      Gauntlet |    973 |    973 |      0 |    407 |    353 |   1 |  973.0 |
               +--------+--------+--------+--------+--------+-----+--------+

Top non-repeatable levels by time:
  Lair:1: 2318 daAuts
    D:11: 2132 daAuts
     D:9: 1821 daAuts
     D:8: 1565 daAuts
     D:4: 1553 daAuts
    D:10: 1427 daAuts
     D:7: 1426 daAuts
     D:1: 1358 daAuts
     D:6: 1259 daAuts
     D:3: 1221 daAuts
Gauntlet: 973 daAuts
     D:5: 925 daAuts
     D:2: 801 daAuts
  Lair:2: 93 daAuts
  Temple: 12 daAuts
